Map: Pride of Altaris LE

Players

Frosty - Winner!

  • Race: Zerg Zerg
  • League: Master

Laconic

  • Race: Terran Terran
  • League: Master

VOD

Have the link to the VOD?

Description

Time

  • Played on: April 6, 2022, 12:38 a.m.
  • Length: 27:45
Show
View Real Time Build Order
Export as new Build Order

Frosty Zerg - Winner!

Build Orders: Pool First 

Get SALT Encoding   

  12  0:02  Drone  
  13  0:13  Overlord  
  13  0:18  Drone  
  14  0:38  Spawning Pool  
  13  0:57  Drone x3, Extractor  
  15  1:09  Drone  
  16  1:22  Drone  
  17  1:31  Drone  
  18  1:33  Queen  
  20  1:42  Drone  
  21  2:09  Drone  
  21  2:13  Hatchery  
  21  2:20  Lair  
  21  2:28  Zergling x2  
  22  2:30  Overlord x2  
  22  2:52  Drone  
  22  2:55  Drone x3  
  26  3:03  Extractor  
  25  3:37  Queen  
  25  3:38  Spine Crawler  
  25  3:40  Zergling x2  
  25  3:41  Zergling x4  
  29  3:54  Drone x3  
  32  4:20  Drone x2  
  34  4:30  Zergling x10  
  39  4:33  Nydus Network, Zergling x2  
  39  4:52  Zergling x10  
  44  4:54  Overlord x2  
  44  5:06  Hatchery  
  43  5:12  Zergling x4  
  43  5:13  Zergling x2  
  46  5:18  Zergling x4  
  48  5:37  Drone x2  
  50  5:51  Zergling x4  
  50  5:52  Zergling x4  
  54  6:11  Nydus Canal  
  54  6:25  Drone  
  54  6:26  Drone x2  
  54  6:30  Zergling x6  
  41  7:18  Roach Warren  
  40  7:23  Drone  
  40  7:24  Drone x3  
  44  7:31  Spine Crawler  
  44  7:34  Spine Crawler  
  44  7:35  Spine Crawler  
  41  7:38  Spine Crawler  
  41  7:42  Drone, Spore Crawler  
  40  7:49  Burrow  
  40  7:55  Extractor  
  40  7:58  Drone x4, Extractor  
  41  8:02  Roach x3  
  41  8:03  Roach x3  
  54  8:08  Roach  
  56  8:13  Roach  
  58  8:28  Spire  
  58  8:33  Spore Crawler  
  56  8:45  Spore Crawler  
  55  8:55  Drone  
  55  8:56  Drone x3  
  55  9:02  Drone x3  
  62  9:06  Roach x2  
  62  9:08  Overlord x2  
  66  9:19  Evolution Chamber  
  65  9:47  Infestation Pit  
  64  9:59  Corruptor x2  
  64  10:00  Corruptor x6  
  64  10:01  Corruptor  
  82  10:15  Overlord x3  
  82  10:24  Lair  
  82  10:26  Lair  
  82  10:31  Hive  
  82  10:32  Metabolic Boost  
  82  10:34  Zerg Flyer Weapons Level 1  
  82  10:37  Pathogen Glands  
  82  10:38  Zerg Melee Weapons Level 1  
  82  10:46  Extractor  
  82  10:48  Drone x3, Extractor  
  83  10:52  Drone x3  
  92  11:33  Neural Parasite  
  92  11:51  Hatchery  
  91  12:03  Hatchery  
  91  12:04  Drone x3  
  93  12:24  Overlord x4  
  93  12:25  Overlord x6  
  93  12:28  Overlord, Zerg Flyer Armor Level 1  
  93  12:39  Drone  
  93  12:40  Drone x2  
  96  12:46  Drone x2  
  98  12:59  Drone  
  99  13:10  Mutalisk  
  99  13:11  Mutalisk x6  
  113  13:34  Drone  
  113  13:35  Ultralisk Cavern  
  113  13:37  Drone x3  
  113  13:40  Drone x3  
  119  13:42  Queen  
  119  13:44  Queen  
  119  13:46  Queen  
  125  13:57  Pneumatized Carapace  
  125  13:59  Adrenal Glands  
  125  14:00  Glial Reconstitution  
  125  14:08  Zerg Ground Armor Level 1  
  125  14:13  Drone x2  
  125  14:14  Drone  
  125  14:16  Drone x2  
  130  14:18  Drone x2  
  130  14:20  Drone  
  130  14:22  Zerg Flyer Weapons Level 2  
  133  15:01  Spore Crawler  
  133  15:02  Drone x3, Spore Crawler x2  
  133  15:04  Spore Crawler  
  133  15:05  Spore Crawler  
  131  15:08  Spore Crawler  
  131  15:11  Drone x3  
  131  15:13  Drone x3  
  136  15:17  Ultralisk x2  
  136  15:19  Tunneling Claws  
  136  15:20  Ultralisk  
  154  16:02  Zerg Melee Weapons Level 2  
  154  16:08  Overseer  
  149  16:12  Overseer  
  133  16:36  Corruptor x2  
  133  16:37  Corruptor x4  
  133  16:38  Zerg Flyer Armor Level 2  
  103  18:11  Overseer  
  103  18:18  Zerg Missile Weapons Level 1  
  103  18:23  Mutalisk x4  
  103  18:24  Mutalisk x4  
  103  18:25  Mutalisk  
  121  18:27  Zergling x2  
  121  18:28  Zergling x10  
  121  18:30  Zergling x4  
  121  18:31  Zergling x4  
  121  18:33  Zergling x4  
  133  19:07  Mutalisk  
  133  19:08  Mutalisk x2  
  133  19:09  Zergling x2  
  141  19:10  Zergling x14  
  141  19:11  Zergling x8  
  94  19:53  Zergling x6  
  94  19:54  Zergling x14  
  94  19:55  Zergling x10  
  107  20:35  Zergling x6  
  109  20:36  Zergling x14  
  109  20:37  Zergling x14  
  109  20:38  Overlord x3, Zergling x2  
  109  20:39  Overlord x2  
  109  20:40  Hatchery, Zergling x2  
  125  20:59  Hatchery  
  124  21:05  Ultralisk x3  
  124  21:08  Zergling x8  
  124  21:09  Zergling x2  
  145  21:32  Zergling x4  
  133  21:33  Zergling x16  
  133  21:34  Zergling x14  
  103  21:56  Roach x3  
  103  21:57  Roach x7  
  117  22:08  Corruptor  
  93  22:16  Drone  
  57  22:31  Drone x2  
  57  22:32  Drone  
  57  22:34  Drone x6  
  57  22:35  Drone x2  
  66  22:37  Drone  
  64  22:49  Zergling x4  
  62  22:58  Zergling x6  
  52  23:15  Spawning Pool  
  52  23:18  Spawning Pool  
  43  23:29  Hatchery  
  43  23:32  Spawning Pool  
  29  23:34  Drone x3  
  29  23:43  Drone x6  
  29  23:46  Evolution Chamber  
  26  24:04  Overlord  
  26  24:05  Drone  
  23  24:37  Zergling x6  
  24  24:40  Zergling x6  
  27  24:48  Zergling x2  
  28  25:12  Zergling x4  
  30  25:14  Zergling x4  
  30  25:15  Zergling x2  
  32  25:36  Hatchery  
Show
View Real Time Build Order
Export as new Build Order

Laconic Terran 

Build Orders:  

Get SALT Encoding   

  12  0:15  Supply Depot  
  12  0:33  SCV  
  13  0:41  Barracks  
  13  0:46  Supply Depot  
  13  0:47  SCV  
  14  0:59  SCV  
  14  1:02  Refinery  
  15  1:15  SCV  
  15  1:16  Barracks  
  16  1:30  Marine  
  17  1:34  Bunker  
  17  1:46  SCV  
  18  1:52  Barracks Reactor  
  18  1:58  SCV  
  19  2:14  Refinery, Barracks Tech Lab  
  19  2:20  Orbital Command  
  19  2:31  Marine x2  
  19  2:35  Marauder  
  23  2:39  Engineering Bay  
  23  2:51  Marine x2  
  25  2:59  Combat Shield  
  25  3:03  SCV  
  26  3:08  Marine  
  26  3:09  Marine  
  28  3:13  Terran Infantry Weapons Level 1  
  28  3:22  SCV  
  28  3:26  Marine x2  
  31  3:39  Supply Depot  
  31  4:01  Marauder, Marine x2  
  35  4:03  SCV  
  36  4:10  Supply Depot  
  36  4:20  Marine x2  
  38  4:30  Marauder  
  40  4:33  Supply Depot  
  40  4:38  Marine x2  
  42  4:51  Factory  
  42  4:55  Marine  
  42  4:56  Marine  
  44  5:08  Command Center  
  44  5:26  Supply Depot  
  44  5:42  Marine x2  
  44  5:49  Supply Depot  
  46  6:00  Marine  
  47  6:09  Starport  
  47  6:10  Marine  
  48  6:12  Supply Depot, Marauder  
  50  6:23  Orbital Command  
  50  7:25  Medivac  
  52  7:34  Missile Turret  
  52  7:43  SCV  
  53  7:55  SCV  
  53  7:56  Missile Turret  
  53  7:58  Marauder  
  56  7:59  Marine x2  
  58  8:07  SCV  
  58  8:11  Terran Infantry Armor Level 1  
  59  8:17  Marine x2  
  59  8:19  Marauder, Missile Turret, SCV  
  64  8:20  Armory  
  64  8:31  SCV  
  65  8:34  Marine x2  
  65  8:41  Marauder  
  69  8:49  Starport Tech Lab  
  69  8:51  Factory Tech Lab  
  69  8:52  Marine x2  
  71  9:05  Marauder  
  71  9:08  Cloaking Field  
  73  9:10  Marine x2, Banshee  
  78  9:18  Terran Vehicle Weapons Level 1  
  78  9:25  Armory  
  78  9:26  Marauder  
  78  9:28  Marine x2  
  82  9:35  Siege Tank  
  85  9:42  SCV  
  85  9:44  SCV  
  87  9:46  Marine x2  
  87  9:48  Marauder  
  91  9:53  Banshee  
  91  9:54  SCV  
  91  9:56  SCV  
  96  10:03  Marine x2  
  96  10:05  Refinery  
  98  10:07  Siege Tank  
  98  10:08  SCV  
  102  10:14  Supply Depot  
  102  10:28  Marauder, Marine x2, SCV  
  107  10:36  Supply Depot, Banshee  
  107  10:40  SCV  
  111  10:45  Marine x2  
  111  10:49  Marauder  
  115  10:59  Supply Depot  
  115  11:03  Marine x2  
  117  11:10  Refinery  
  117  11:19  Banshee  
  117  11:22  Supply Depot  
  117  11:24  Marine  
  117  11:25  Marine  
  122  11:28  Terran Infantry Weapons Level 2  
  122  11:31  Terran Vehicle And Ship Armor Level 1  
  122  11:42  Marine  
  122  11:43  Marine  
  122  11:45  Supply Depot  
  124  11:47  Starport  
  124  11:51  Hyperflight Rotors  
  124  11:56  Siege Tank  
  124  12:00  Marine x2  
  124  12:01  Terran Vehicle Weapons Level 2  
  129  12:02  Banshee  
  129  12:07  Supply Depot  
  134  12:15  Marauder  
  134  12:18  Marine x2  
  136  12:27  Medivac  
  138  12:49  Banshee  
  141  13:00  Stimpack  
  141  13:13  Drilling Claws  
  141  13:54  Starport Reactor  
  141  13:56  Banshee  
  144  14:03  Supply Depot  
  144  14:15  Supply Depot  
  144  14:26  Supply Depot  
  144  14:33  Marine  
  144  14:34  Marine  
  144  14:35  Command Center  
  144  14:36  Terran Infantry Weapons Level 3  
  146  14:38  Supply Depot  
  146  14:39  Terran Vehicle Weapons Level 3  
  146  14:42  Terran Vehicle And Ship Armor Level 2  
  146  14:49  Supply Depot  
  146  14:50  Marauder  
  146  14:51  Marine  
  146  14:52  Marine  
  150  15:00  Supply Depot  
  150  15:09  Marine x2, Viking x2  
  150  15:12  Supply Depot, Marauder  
  158  15:23  Supply Depot  
  158  15:27  Marine x2  
  160  15:33  Marauder  
  160  15:35  Supply Depot  
  162  15:39  Viking x2  
  166  15:44  Marine  
  166  15:45  Supply Depot, Marine  
  168  15:54  Marauder  
  170  16:08  Supply Depot  
  170  16:36  Supply Depot  
  166  18:30  Viking x2  
  170  18:34  Terran Vehicle And Ship Armor Level 3  
  170  18:36  Terran Infantry Armor Level 2  
  170  18:59  Orbital Command  
  170  19:00  Viking x2  
  174  19:29  Orbital Command  
  174  19:30  Viking x2  
  162  20:00  Viking x2  
  166  20:18  Marine x2  
  170  20:21  Marauder  
  170  20:23  Thor  
  170  20:27  Viking  
  178  20:31  Medivac, Viking  
  182  20:35  Marine  
  182  20:36  Marine  
  186  20:43  Marauder  
  186  20:53  Marine  
  186  20:54  Marine  
  177  20:57  Viking  
  192  21:04  Marauder  
  192  21:06  Thor  
  198  21:11  Marine  
  198  21:12  Marine  
  200  21:22  Command Center  
  181  21:45  Marine  
  181  21:46  Marine  
  163  22:03  Marine  
  163  22:04  Marine  
  158  22:25  Liberator  
  158  22:29  Liberator, Hellion  
  153  22:50  Hellion  
Tags
 
Add a new tag
Caveats
  • Supply blocks, unpowered buildings, or Contaminate may cause inaccurate times.
  • Supply counts are checked every 10 seconds.